 Dungeon Crawl Stone Soup version 0.25.1-2-g60ff931df9 (webtiles) character file.

Game seed: 11242410061462051226

7466 hawla the Tainter (level 10, 0/75 HPs)
             Began as a Yellow Draconian Venom Mage on Nov 10, 2020.
             Was a Follower of Vehumet.
             Slain by a worker ant (1 damage)
             ... on level 10 of the Dungeon on Nov 11, 2020.
             The game lasted 01:04:24 (15475 turns).

hawla the Tainter (Yellow Draconian Venom Mage)    Turns: 15475, Time: 01:04:26

Health: 0/75       AC: 10    Str:  9    XL:     10   Next: 94%
Magic:  4/22       EV: 12    Int: 20    God:    Vehumet [*.....]
Gold:   246        SH:  0    Dex: 12    Spells: 8/26 levels left

rFire    . . .     SeeInvis .   A - +0 quarterstaff
rCold    . . .     Gourm    .   (shield currently unavailable)
rNeg     . . .     Faith    .   (armour unavailable)
rPois    .         Spirit   .   (helmet restricted)
rElec    .         Reflect  .   u - +1 cloak
rCorr    +         Harm     .   m - +0 pair of gloves
MR       .....                  (no boots)
Stlth    ++........             (no amulet)
HPRegen  0.22/turn              c - ring of wizardry
MPRegen  0.18/turn              (no ring)

@: about to teleport, very slightly contaminated
A: spit acid, unfitting armour, stinger 1, clever 1, robust 1, weak 1,
cold-blooded, acid resistance, AC +7
a: Breathe Acid, Renounce Religion


You were on level 10 of the Dungeon.
You worshipped Vehumet.
Vehumet was aware of your devotion.
You were hungry.

You visited 2 branches of the dungeon, and saw 11 of its levels.
You also visited: Sewer.

You collected 606 gold pieces.
You spent 360 gold pieces at shops.

Inventory:

Hand Weapons
 A - a +0 quarterstaff (weapon)
Missiles
 f - 18 boomerangs
 j - 33 poisoned darts
 k - 5 throwing nets
 C - 2 silver boomerangs (quivered)
Armour
 m - a +0 pair of gloves (worn)
 u - a +1 cloak (worn)
Jewellery
 c - a ring of wizardry (left hand)
 z - an uncursed amulet of reflection {unknown}
 D - an uncursed ring of flight {unknown}
Wands
 e - a wand of digging (8)
 t - a wand of acid (6)
 y - a wand of iceblast (11)
Scrolls
 a - 2 scrolls of magic mapping
 d - 4 scrolls of enchant weapon
 l - 4 scrolls of teleportation
 o - 2 scrolls of fog
 p - a scroll of fear
 q - a scroll of enchant armour
 s - 4 scrolls of remove curse
 v - a scroll of amnesia
 B - a scroll of identify
Potions
 g - 2 potions of haste
 h - 2 potions of might
 i - 7 potions of curing
 n - a potion of heal wounds
 r - a potion of berserk rage {unknown}
 w - a potion of brilliance
 x - 2 potions of flight
Comestibles
 b - 10 rations
 E - 7 chunks of flesh


   Skills:
 + Level 3.5 Staves
 - Level 1.7 Dodging
 - Level 1.7 Stealth
 + Level 8.6 Spellcasting
 + Level 1.8 Conjurations
 + Level 8.1 Transmutations
 + Level 1.8 Fire Magic
 + Level 6.6 Air Magic
 + Level 8.9 Poison Magic


You had 8 spell levels left.
You knew the following spells:

 Your Spells              Type           Power        Failure   Level  Hunger
a - Sting                 Tmut/Pois      ####         1%          1    None
b - Poisonous Vapours     Pois/Air       #####.       1%          2    None
c - Olgreb's Toxic Radia  Pois           #####...     1%          4    ###....
d - Ignite Poison         Fire/Tmut/Pois ####....     1%          3    None
e - Mephitic Cloud        Conj/Pois/Air  ####....     1%          3    None
f - Bolt of Magma         Conj/Fire/Erth ##........   45%         5    #####..

Your spell library contained the following spells:

 Spells                   Type           Power        Failure   Level  Hunger
 Shock                    Conj/Air       ####         1%          1    None
 Animate Skeleton         Necr           N/A          3%          1    None
 Pain                     Necr           #...         3%          1    None
 Summon Small Mammal      Summ           #...         3%          1    None
 Call Imp                 Summ           #.......     4%          2    None
 Summon Lightning Spire   Summ/Air       ###.....     9%          4    ###....
 Call Canine Familiar     Summ           #.......     10%         3    None
 Summon Guardian Golem    Hex/Summ       #.......     10%         3    None
 Vampiric Draining        Necr           #.........   10%         3    None
 Animate Dead             Necr           N/A          30%         4    ###....
 Summon Ice Beast         Ice/Summ       #.......     30%         4    ###....
 Iskenderun's Battlesphe  Conj/Chrm      ##......     50%         5    #####..
 Agony                    Necr           #.......     61%         5    #####..
 Iron Shot                Conj/Erth      ##........   96%         6    ######.
 Orb of Destruction       Conj           ###.......   100%        7    #######
 Spellforged Servitor     Conj/Summ      ##........   100%        7    #######


Dungeon Overview and Level Annotations

Branches:
Dungeon (10/15)            Temple (1/1) D:6            Lair (0/6) D:10
    Orc (0/2) D:9           Sewer (visited)

Altars:
Ashenzari
Cheibriados
Dithmenos
Elyvilon
Fedhas
Gozag
Hepliaklqana
Kikubaaqudgha
Makhleb
Nemelex Xobeh
Okawaru
Qazlal
Ru
Sif Muna
Trog
Uskayaw
Vehumet
Wu Jian
Xom
Yredelemnul
Zin
The Shining One
Beogh

Shops:
D:10 :


Innate Abilities, Weirdness & Mutations

You can spit globs of acid.
Your golden yellow scales are hard. (AC +7)
You cannot fit into any form of body armour.
You are cold-blooded and may be slowed by cold attacks.
You are resistant to acid. (rCorr)
Your tail ends in a poisonous barb.
Your mind is acute. (Int +2)
You are robust. (+10% HP)
You are weak. (Str -2)


Message History

Press: ? - help, Shift-Dir - straight line, p - chaos spawn
Okay, then.
Throwing (i - inventory. (/) - cycle)
C - 2 silver boomerangs (quivered)
Press: ? - help, Shift-Dir - straight line, f/p - chaos spawn
Aim: a chaos spawn (heavily wounded, chaotic)
You throw a silver boomerang.
The silver boomerang completely misses the chaos spawn.
The chaos spawn closely misses you. The chaos spawn gores you!
* * * LOW HITPOINT WARNING * * *
The chaos spawn draws strength from your injuries!
You feel much better. The chaos spawn closely misses you.
The chaos spawn hits you!
You are engulfed in flames!
* * * LOW HITPOINT WARNING * * *
As you read the scroll of teleportation, it crumbles to dust.
You feel strangely unstable. The worker ant misses you.
The chaos spawn gores you!
* * * LOW HITPOINT WARNING * * *
You feel your power leaking away. The chaos spawn completely misses you.
The worker ant bites you.
You die...

.................##
...............#.# ..
...........).....# ##⌠#
..###.........#..# .....
..# #.........#..# ...≈
..# ##.......##.##...# 8
..####.......##.##..#.⌠#
....##......##...a..8♣8.
..#....##..#...#@4......
..####.......####4......
..# ####..### .....'⌠
..## #..# ....... #..#
#.## ....... ##.## #.#
....... #))## #.#
#...... ##...####.#
#....# #.....##..#


You could see 2 chaos spawn and a worker ant.

Vanquished Creatures
  Harold (D:8)
  An unseen horror (D:10)
  Grinder (D:3)
  A hippogriff (D:10)
  A wraith (D:10)
  A human (D:8)
  4 yaks
  A water moccasin (D:7)
  6 orc warriors
  A phantom (D:9)
  3 black bears
  3 ice beasts
  2 sky beasts
  An ogre (D:4)
  A wolf (D:5)
  2 centaurs (D:6)
  2 crocodiles (D:10)
  4 gnoll sergeants (D:5)
  4 bullfrogs
  4 killer bees (D:9)
  4 scorpions
  3 wights (D:10)
  A crimson imp (D:10)
  A jelly (D:10)
  A centaur zombie (D:7)
  7 hounds
  5 orc priests
  3 bullfrog skeletons
  3 gnoll shamans (D:5)
  7 orc wizards
  Natasha (thrice) (D:3)
  Ijyb (D:3)
  Terence (D:3)
  13 worker ants
  3 iguanas
  A hound skeleton (D:6)
  A worker ant zombie (D:10)
  Robin (D:2)
  37 gnolls
  A river rat (D:4)
  13 adders
  3 shadow imps
  An ooze (D:2)
  2 adder zombies (D:6)
  4 worms
  4 dart slugs
  5 leopard geckos
  30 orcs
  11 bats
  4 giant cockroaches
  11 goblins
  9 hobgoblins
  20 jackals
  8 kobolds
  2 quokkas
  4 ball pythons
  11 frilled lizards
  A quokka skeleton (D:6)
  13 rats
297 creatures vanquished.

Vanquished Creatures (others)
  An orc (D:7)
1 creature vanquished.

Grand Total: 298 creatures vanquished

Notes
Turn   | Place    | Note
-------+----------+-------------------------------------------
     0 | D:1      | hawla the Draconian Venom Mage began the quest for the Orb.
     0 | D:1      | Reached XP level 1. HP: 14/14 MP: 3/3
   219 | D:1      | Reached XP level 2. HP: 20/20 MP: 1/5
   227 | D:1      | Learned a level 2 spell: Poisonous Vapours
   926 | D:2      | Reached XP level 3. HP: 26/26 MP: 2/6
  1230 | D:2      | Reached XP level 4. HP: 33/33 MP: 1/8
  1479 | D:2      | Noticed Robin
  1558 | D:2      | Killed Robin
  2639 | D:2      | Learned a level 4 spell: Olgreb's Toxic Radiance
  2658 | D:2      | Reached XP level 5. HP: 23/38 MP: 1/10
  2757 | D:3      | Found a bloodstained altar of Trog.
  3026 | D:3      | Learned a level 3 spell: Ignite Poison
  3225 | D:3      | Noticed Natasha
  3231 | D:3      | Killed Natasha
  3311 | D:3      | Noticed Grinder
  3321 | D:3      | Paralysed by something for 5 turns
  3329 | D:3      | Gained mutation: You are robust. (+10% HP) [potion of
                  | mutation]
  3329 | D:3      | Gained mutation: Your tail ends in a poisonous barb.
                  | [potion of mutation]
  3329 | D:3      | Gained mutation: You are weak. (Str -2) [potion of
                  | mutation]
  3329 | D:3      | Gained mutation: Your mind is acute. (Int +2) [potion of
                  | mutation]
  3346 | D:3      | Noticed Terence
  3360 | D:3      | Noticed Ijyb
  3638 | D:3      | Noticed Natasha
  3641 | D:3      | Killed Natasha
  3755 | D:3      | Killed Grinder
  3755 | D:3      | Reached XP level 6. HP: 49/49 MP: 4/12
  3863 | D:3      | Noticed Natasha
  3877 | D:3      | Killed Natasha
  3975 | D:3      | Killed Terence
  3975 | D:3      | Reached skill level 5 in Poison Magic
  4081 | D:3      | Killed Ijyb
  4258 | D:3      | Noticed a sky beast
  4262 | D:3      | Killed a sky beast
  4262 | D:3      | Reached skill level 5 in Spellcasting
  4262 | D:3      | Your scales start taking on a golden yellow colour.
  4262 | D:3      | Reached XP level 7. HP: 46/55 MP: 8/14
  4262 | D:3      | Gained mutation: You are resistant to acid. (rCorr) [Yellow
                  | Draconian growth]
  4949 | D:4      | Found a glowing drain.
  4996 | Sewer    | Entered a sewer
  6008 | D:4      | Learned a level 3 spell: Mephitic Cloud
  6296 | D:4      | Found a snail-covered altar of Cheibriados.
  6304 | D:4      | Reached XP level 8. HP: 62/62 MP: 7/17
  6530 | D:5      | Entered Level 5 of the Dungeon
  6614 | D:5      | Reached skill level 1 in Air Magic
  7163 | D:5      | Reached skill level 5 in Transmutations
  7284 | D:5      | Found a shadowy altar of Dithmenos.
  7293 | D:5      | Found a basalt altar of Yredelemnul.
  7772 | D:5      | Found a hide-covered altar of Uskayaw.
  7772 | D:5      | Found a glowing golden altar of the Shining One.
  8322 | D:5      | Found a sparkling altar of Nemelex Xobeh.
  8322 | D:5      | Found a hazy altar of Hepliaklqana.
  8460 | D:6      | Reached XP level 9. HP: 68/68 MP: 8/19
  8647 | D:6      | Found a staircase to the Ecumenical Temple.
  8658 | Temple   | Entered the Ecumenical Temple
  8809 | D:6      | Found a sacrificial altar of Ru.
  9100 | D:6      | Found a stormy altar of Qazlal.
 10783 | D:7      | Reached skill level 5 in Air Magic
 11183 | D:8      | Found a snail-covered altar of Cheibriados.
 11367 | D:8      | Got a crude dagger
 11368 | D:8      | Identified the +2 dagger of Himim {vorpal, +Blink rF+ rN++
                  | Int-4} (You found it on level 8 of the Dungeon)
 11412 | D:8      | Found a radiant altar of Vehumet.
 11420 | D:8      | Became a worshipper of Vehumet
 11429 | D:8      | Got a fading executioner's axe
 11430 | D:8      | Identified the +6 executioner's axe "Faxuamig" {vorpal,
                  | rElec rC++ SInv Stlth-} (You found it on level 8 of the
                  | Dungeon)
 11877 | D:8      | Noticed Harold
 11885 | D:8      | Killed Harold
 11885 | D:8      | Reached skill level 1 in Staves
 11885 | D:8      | Reached XP level 10. HP: 63/75 MP: 4/22
 12578 | D:9      | Found a staircase to the Orcish Mines.
 13167 | D:9      | Found a glowing silver altar of Zin.
 13473 | D:9      | Found a roughly hewn altar of Beogh.
 14015 | D:9      | Learned a level 5 spell: Bolt of Magma
 14053 | D:9      | Found a blossoming altar of Fedhas.
 14448 | D:10     | Entered Level 10 of the Dungeon
 14454 | D:10     | Reached * piety under Vehumet
 14454 | D:10     | Offered knowledge of Shock by Vehumet.
 14557 | D:10     | Reached skill level 1 in Fire Magic
 14788 | D:10     | Found Tysufy's Book Shop.
 14794 | D:10     | Bought a book of Callings for 360 gold pieces
 14858 | D:10     | Reached skill level 1 in Conjurations
 14964 | D:10     | Found a staircase to the Lair.
 14975 | D:10     | Killed an unseen horror
 15475 | D:10     | HP: 1/75 [chaos spawn (15)]
 15475 | D:10     | Slain by a worker ant

Illustrated notes

Levels and vault maps discovered:
D:1:      shiori_arrival_oz, layout_basic, minmay_hedge_maze
D:2:      layout_loops_corners, uniq_robin
D:3:      layout_basic, overflow_temple_1_default, uniq_grinder, uniq_ijyb,
          uniq_terence, uniq_natasha
D:4:      layout_rooms, cheibriados_altar_1, portal_sewer_entry_c
D:5:      layout_cave_pools, gammafunk_temple_overflow_elements,
          amethyst_overflow_temple_binary, gammafunk_temple_overflow_statue,
          first_ration, serial_gnoll_camp, gnoll_camp_medium_02,
          gnoll_camp_huts_moat, gnoll_camp_mini_basic, gnoll_camp_mini_basic
D:6:      layout_basic, lemuel_doored_altar, minmay_temple_entry_trees,
          nicolae_ru_awakened_eye
D:7:      layout_gridville
D:8:      layout_gridville, old_standard_altar, basic_altar, grunt_pizzeria,
          uniq_harold
D:9:      layout_loops_ring, kennysheep_little_box, kennysheep_mini,
          minmay_orc_entry_temple_small
D:10:     layout_cave_pods, david_lair_generic, serial_shops, shop_statue,
          minmay_guarded_unrand_variability
Temple:   compressed_dpeg_circular_temple

Skill      XL: |  1  2  3  4  5  6  7  8  9 10 |
---------------+-------------------------------+-----
Poison Magic   | 4 5 6 8 |  8.9
Spellcasting   | 3 4 5 6 8 |  8.6
Transmutations | 2 3 4 5 7 8 |  8.1
Air Magic      | 3 5 6 |  6.6
Staves         | 1 3 |  3.5
Fire Magic     | 1 |  1.8
Conjurations   | 1 |  1.8
Dodging        | |  1.7
Stealth        | |  1.7

Action                   |  1- 3 |  4- 6 |  7- 9 | 10-12 || total
-------------------------+-------+-------+-------+-------++-------
Melee: Unarmed           |     9 |    21 |    41 |       ||    71
       Tailslap          |       |     1 |     4 |     7 ||    12
       Quarterstaff      |       |       |    11 |    62 ||    73
Throw: Boomerang         |       |       |       |    24 ||    24
 Cast: Sting             |    36 |    45 |   136 |    51 ||   268
       Poisonous Vapours |    10 |    39 |   111 |    25 ||   185
       Olgreb's Toxic Ra |       |     8 |    35 |    13 ||    56
       Ignite Poison     |       |     4 |    22 |    15 ||    41
       Mephitic Cloud    |       |       |    10 |    14 ||    24
       Bolt of Magma     |       |       |       |     5 ||     5
 Abil: Breathe Acid      |       |       |     3 |     2 ||     5
       Evoke Blink       |       |       |     2 |       ||     2
Evoke: Wand              |       |       |     1 |     1 ||     2
  Use: Scroll            |     4 |     1 |     9 |     3 ||    17
       Potion            |       |     5 |     1 |     5 ||    11
 Stab: Sleeping          |       |       |     1 |       ||     1
       Confused          |       |       |       |     1 ||     1
  Eat: Chunk             |     2 |    11 |    27 |     7 ||    47
       Ration            |       |       |     1 |     2 ||     3
Armor: Skin              |     7 |    16 |    63 |    47 ||   133
Dodge: Dodged            |    12 |    36 |   155 |    87 ||   290
